[ AOE2 MATCH · #461942587 ]
Team RMRomans vs Poles
[ REPLAY ANALYSIS · EXTRACTED FROM THE RECORDED GAME ]
Feudal
11:52
Castle
15:57
Imperial
29:23
| APM avg | 17.3 |
| APM peak | 72 |
| eAPM avg | 13.5 |
| Villagers / military | 137 / 67 |
Focus
⚔️ 26.6% · 🌾 73.4%
Spearman ×28 · Scorpion ×27 · Archer ×5 · Trebuchet (Packed) ×4 · Mangonel ×2 · Monk ×1
Feudal
11:08
Castle
18:37
Imperial
33:20
| APM avg | 11.8 |
| APM peak | 28 |
| eAPM avg | 8.8 |
| Villagers / military | 114 / 137 |
Focus
⚔️ 26.8% · 🌾 73.2%
Spearman ×75 · Archer ×60 · Trebuchet (Packed) ×2
Feudal
12:19
Castle
21:40
Imperial
34:10
| APM avg | 11.0 |
| APM peak | 28 |
| eAPM avg | 9.0 |
| Villagers / military | 114 / 74 |
Focus
⚔️ 16.3% · 🌾 83.7%
Eagle Scout ×39 · Skirmisher ×35
Feudal
10:25
Castle
18:37
Imperial
35:45
| APM avg | 15.4 |
| APM peak | 42 |
| eAPM avg | 10.0 |
| Villagers / military | 125 / 27 |
Focus
⚔️ 18.3% · 🌾 81.7%
Battle Elephant ×23 · Monk ×2 · Spearman ×2
Feudal
12:13
Castle
15:54
Imperial
29:41
| APM avg | 30.4 |
| APM peak | 71 |
| eAPM avg | 21.6 |
| Villagers / military | 137 / 93 |
Focus
⚔️ 23.5% · 🌾 76.5%
Genoese Crossbowman ×65 · Scout Cavalry ×20 · Bombard Cannon ×5 · Mangonel ×2 · Monk ×1
Feudal
10:56
Castle
15:04
Imperial
28:03
| APM avg | 45.8 |
| APM peak | 131 |
| eAPM avg | 29.8 |
| Villagers / military | 98 / 109 |
Focus
⚔️ 17.8% · 🌾 82.2%
Knight ×105 · Monk ×2 · Spearman ×1 · Trebuchet (Packed) ×1
Feudal
—
Castle
—
Imperial
—
| APM avg | 31.0 |
| APM peak | 194 |
| eAPM avg | 29.5 |
| Villagers / military | 97 / 64 |
Focus
⚔️ 7.9% · 🌾 92.1%
Scorpion ×57 · Archer ×7
Feudal
10:31
Castle
27:32
Imperial
—
| APM avg | 15.9 |
| APM peak | 51 |
| eAPM avg | 7.8 |
| Villagers / military | 41 / 46 |
Focus
⚔️ 24.0% · 🌾 76.0%
Knight ×25 · Militia ×18 · Trade Cart ×8 · Battering Ram ×3
Match map
Resources at game start + every placement click. Thick line = wall · dashed box = detected house wall. 🟡 gold · ⚪ stone · 🟢 berries · 🔶 boar · ⭕ relic
Inputs per minute
— Biggus Dichus - - m.tornqvist1
Build order — Biggus Dichus
First 150 of 317 actions detected
| 0:01 | Create | Villager (Male) |
| 0:01 | Create | Villager (Male) |
| 0:01 | Create | Villager (Male) |
| 0:02 | Create | Villager (Male) |
| 0:02 | Create | Villager (Male) |
| 0:04 | Build | House |
| 0:07 | Build | House |
| 1:37 | Create | Villager (Male) |
| 1:58 | Build | Lumber Camp |
| 2:10 | Create | Villager (Male) |
| 2:26 | Create | Villager (Male) |
| 2:55 | Create | Villager (Male) |
| 2:55 | Create | Villager (Male) |
| 3:10 | Create | Villager (Male) |
| 3:31 | Build | House |
| 3:47 | Create | Villager (Male) |
| 3:47 | Create | Villager (Male) |
| 4:00 | Build | Mill |
| 4:04 | Create | Villager (Male) |
| 4:04 | Create | Villager (Male) |
| 4:38 | Create | Villager (Male) |
| 4:38 | Create | Villager (Male) |
| 5:02 | Create | Villager (Male) |
| 5:21 | Create | Villager (Male) |
| 5:22 | Create | Villager (Male) |
| 5:39 | Create | Villager (Male) |
| 5:40 | Create | Villager (Male) |
| 5:57 | Build | House |
| 5:58 | Build | House |
| 6:18 | Create | Villager (Male) |
| 6:35 | Create | Villager (Male) |
| 6:35 | Create | Villager (Male) |
| 6:35 | Create | Villager (Male) |
| 6:39 | Build | Mill |
| 6:44 | Create | Villager (Male) |
| 6:44 | Create | Villager (Male) |
| 7:01 | Create | Villager (Male) |
| 7:39 | Create | Villager (Male) |
| 7:40 | Create | Villager (Male) |
| 7:47 | Build | Barracks |
| 9:00 | Build | Mining Camp |
| 9:04 | Research | Feudal Age |
| 9:37 | Build | House |
| 11:37 | Create | Villager (Male) |
| 11:38 | Create | Villager (Male) |
| 11:38 | Research | Loom |
| 11:45 | Build | Farm |
| 11:45 | Build | Farm |
| 11:46 | Build | Farm |
| 11:46 | Build | Farm |
| 11:51 | Build | Farm |
| 11:52 | Age | Feudal Age |
| 12:00 | Build | Archery Range |
| 12:30 | Build | Blacksmith |
| 13:02 | Research | Double-Bit Axe |
| 13:10 | Build | House |
| 13:16 | Build | Farm |
| 13:18 | Research | Castle Age |
| 13:20 | Create | Archer |
| 13:20 | Create | Archer |
| 13:22 | Create | Spearman |
| 13:34 | Build | Farm |
| 13:44 | Build | Farm |
| 14:04 | Build | Farm |
| 14:04 | Build | Farm |
| 14:17 | Create | Archer |
| 14:33 | Build | Farm |
| 14:41 | Build | Farm |
| 14:57 | Research | Horse Collar |
| 15:16 | Research | Fletching |
| 15:26 | Create | Archer |
| 15:26 | Create | Archer |
| 15:57 | Age | Castle Age |
| 16:00 | Create | Villager (Male) |
| 16:00 | Create | Villager (Male) |
| 16:25 | Build | Town Center |
| 16:27 | Create | Villager (Male) |
| 16:44 | Build | House |
| 16:45 | Build | House |
| 16:50 | Research | Bow Saw |
| 17:05 | Create | Villager (Male) |
| 17:26 | Create | Villager (Male) |
| 17:43 | Create | Villager (Male) |
| 17:50 | Build | Farm |
| 17:51 | Build | Farm |
| 18:14 | Create | Villager (Male) |
| 18:15 | Create | Villager (Male) |
| 18:29 | Research | Gold Mining |
| 18:33 | Create | Villager (Male) |
| 18:34 | Create | Villager (Male) |
| 18:42 | Build | Town Center |
| 18:48 | Build | Farm |
| 19:02 | Create | Villager (Male) |
| 19:02 | Create | Villager (Male) |
| 19:07 | Research | Heavy Plow |
| 19:23 | Create | Villager (Male) |
| 19:28 | Build | Farm |
| 19:29 | Build | Farm |
| 19:39 | Research | Wheelbarrow |
| 19:44 | Create | Villager (Male) |
| 20:04 | Build | Monastery |
| 20:09 | Create | Villager (Male) |
| 20:09 | Create | Villager (Male) |
| 20:14 | Create | Villager (Male) |
| 20:14 | Create | Villager (Male) |
| 20:19 | Build | Farm |
| 20:40 | Create | Monk |
| 20:52 | Build | Mining Camp |
| 20:55 | Create | Villager (Male) |
| 21:00 | Build | Farm |
| 21:02 | Build | Farm |
| 21:06 | Create | Villager (Male) |
| 21:07 | Create | Villager (Male) |
| 21:08 | Create | Villager (Male) |
| 21:19 | Build | House |
| 21:20 | Build | House |
| 21:21 | Build | House |
| 21:23 | Build | House |
| 21:29 | Create | Villager (Male) |
| 21:29 | Create | Villager (Male) |
| 21:34 | Build | Farm |
| 21:37 | Build | Farm |
| 21:45 | Create | Villager (Male) |
| 21:45 | Create | Villager (Male) |
| 21:58 | Research | Stone Mining |
| 22:03 | Create | Villager (Male) |
| 22:04 | Create | Villager (Male) |
| 22:18 | Create | Villager (Male) |
| 22:19 | Create | Villager (Male) |
| 22:19 | Create | Villager (Male) |
| 22:31 | Build | Siege Workshop |
| 22:38 | Research | Town Watch |
| 22:45 | Create | Villager (Male) |
| 22:45 | Create | Villager (Male) |
| 22:45 | Create | Villager (Male) |
| 23:00 | Build | House |
| 23:02 | Build | House |
| 23:07 | Build | House |
| 23:35 | Build | Stone Wall |
| 23:38 | Build | Stone Wall |
| 23:39 | Create | Villager (Male) |
| 23:39 | Create | Villager (Male) |
| 23:39 | Create | Villager (Male) |
| 23:51 | Create | Mangonel |
| 23:52 | Create | Mangonel |
| 23:55 | Create | Villager (Male) |
| 23:55 | Create | Villager (Male) |
| 24:02 | Build | Siege Workshop |
| 24:20 | Build | Stone Wall |
| 24:22 | Create | Villager (Male) |
Build order — m.tornqvist1
First 150 of 204 actions detected
| 0:03 | Create | Villager (Male) |
| 0:03 | Create | Villager (Male) |
| 0:03 | Create | Villager (Male) |
| 0:04 | Create | Villager (Male) |
| 0:04 | Create | Villager (Male) |
| 0:08 | Build | House |
| 0:40 | Build | House |
| 1:28 | Create | Villager (Male) |
| 1:53 | Build | Mill |
| 2:17 | Create | Villager (Male) |
| 2:18 | Create | Villager (Male) |
| 2:18 | Create | Villager (Male) |
| 3:05 | Create | Villager (Male) |
| 3:08 | Create | Villager (Male) |
| 3:22 | Build | House |
| 3:33 | Build | House |
| 3:39 | Create | Villager (Male) |
| 3:54 | Create | Villager (Male) |
| 3:54 | Create | Villager (Male) |
| 3:54 | Create | Villager (Male) |
| 4:33 | Create | Villager (Male) |
| 4:33 | Create | Villager (Male) |
| 4:33 | Create | Villager (Male) |
| 4:35 | Create | Villager (Male) |
| 5:10 | Create | Villager (Male) |
| 5:30 | Create | Villager (Male) |
| 5:30 | Create | Villager (Male) |
| 6:14 | Create | Villager (Male) |
| 6:14 | Create | Villager (Male) |
| 6:37 | Build | Lumber Camp |
| 6:45 | Create | Villager (Male) |
| 7:20 | Build | House |
| 8:17 | Build | Mill |
| 8:24 | Build | Mill |
| 8:54 | Research | Feudal Age |
| 10:01 | Build | Mining Camp |
| 10:51 | Build | Barracks |
| 11:08 | Age | Feudal Age |
| 11:08 | Create | Villager (Male) |
| 11:09 | Create | Villager (Male) |
| 11:10 | Create | Villager (Male) |
| 11:21 | Build | Blacksmith |
| 11:27 | Research | Double-Bit Axe |
| 11:29 | Research | Horse Collar |
| 11:56 | Build | Archery Range |
| 12:25 | Build | House |
| 12:26 | Build | House |
| 12:30 | Create | Villager (Male) |
| 12:30 | Create | Villager (Male) |
| 12:41 | Build | Farm |
| 12:49 | Build | Farm |
| 12:53 | Build | Farm |
| 13:00 | Build | Farm |
| 13:06 | Build | Farm |
| 13:13 | Build | Farm |
| 13:15 | Build | Farm |
| 13:21 | Build | Farm |
| 13:24 | Build | Farm |
| 13:31 | Build | Farm |
| 13:40 | Build | Farm |
| 13:50 | Build | Farm |
| 14:02 | Research | Loom |
| 14:13 | Build | Farm |
| 14:14 | Build | Farm |
| 14:31 | Build | Farm |
| 14:39 | Build | Farm |
| 15:57 | Research | Castle Age |
| 16:25 | Create | Villager (Male) |
| 16:26 | Create | Villager (Male) |
| 16:26 | Create | Villager (Male) |
| 16:45 | Research | Fletching |
| 18:37 | Age | Castle Age |
| 18:44 | Build | Town Center |
| 18:58 | Build | Town Center |
| 19:25 | Build | Archery Range |
| 19:29 | Research | Bodkin Arrow |
| 19:33 | Research | Squires |
| 19:56 | Research | Bow Saw |
| 19:58 | Research | Heavy Plow |
| 20:01 | Research | Gold Mining |
| 20:06 | Create | Villager (Male) ×5 |
| 20:54 | Create | Villager (Male) ×5 |
| 21:06 | Build | Farm |
| 21:14 | Create | Villager (Male) ×5 |
| 21:31 | Build | Archery Range |
| 21:36 | Research | Forging |
| 21:49 | Create | Villager (Male) ×5 |
| 22:02 | Build | Mining Camp |
| 22:04 | Research | Stone Mining |
| 22:15 | Build | Farm |
| 22:15 | Build | Farm |
| 22:15 | Build | Farm |
| 22:20 | Create | Villager (Male) ×2 |
| 22:26 | Build | House |
| 22:26 | Build | House |
| 22:46 | Build | House |
| 23:05 | Create | Villager (Male) ×5 |
| 23:33 | Research | Pikeman (upgrade) |
| 23:49 | Research | Wheelbarrow |
| 23:56 | Build | Farm |
| 23:57 | Build | Farm |
| 23:57 | Build | Farm |
| 24:03 | Build | Farm |
| 24:04 | Build | Farm |
| 24:04 | Build | Farm |
| 24:11 | Create | Villager (Male) ×4 |
| 24:57 | Build | Barracks |
| 24:59 | Build | Barracks |
| 25:09 | Build | House |
| 25:10 | Build | House |
| 25:12 | Build | House |
| 25:13 | Build | House |
| 25:15 | Build | House |
| 25:16 | Build | House |
| 25:23 | Create | Villager (Male) ×5 |
| 25:25 | Research | Town Watch |
| 26:33 | Create | Villager (Male) ×5 |
| 26:47 | Build | Farm |
| 26:47 | Build | Farm |
| 27:00 | Build | Farm |
| 27:00 | Build | Farm |
| 27:10 | Build | University |
| 27:18 | Build | House |
| 27:20 | Build | House |
| 27:33 | Build | Mining Camp |
| 27:54 | Create | Villager (Male) ×5 |
| 28:15 | Build | Castle |
| 28:30 | Research | Ballistics |
| 28:33 | Build | House |
| 28:35 | Build | House |
| 28:35 | Build | House |
| 28:36 | Build | House |
| 28:37 | Build | House |
| 28:38 | Build | House |
| 28:39 | Build | House |
| 28:39 | Build | House |
| 28:55 | Create | Villager (Male) ×5 |
| 28:55 | Create | Villager (Male) ×5 |
| 29:04 | Research | Crossbowman (upgrade) |
| 29:42 | Build | Archery Range |
| 29:43 | Build | Archery Range |
| 29:47 | Research | Gold Shaft Mining |
| 30:02 | Research | Imperial Age |
| 30:08 | Build | Mill |
| 30:23 | Create | Villager (Male) ×5 |
| 30:25 | Create | Villager (Male) ×5 |
| 30:43 | Build | Town Center |
| 31:02 | Build | Mining Camp |
| 31:15 | Create | Archer ×5 |
| 31:15 | Create | Archer ×5 |
Build order — Tetrodotoxin
First 150 of 203 actions detected
| 0:04 | Build | House |
| 0:06 | Build | House |
| 0:09 | Build | House |
| 0:09 | Create | Villager (Male) ×4 |
| 0:10 | Research | Loom |
| 2:08 | Create | Villager (Male) |
| 2:34 | Create | Villager (Male) |
| 3:00 | Create | Villager (Male) |
| 3:00 | Create | Villager (Male) |
| 3:22 | Create | Villager (Male) |
| 3:22 | Create | Villager (Male) |
| 3:48 | Build | Mill |
| 3:53 | Create | Villager (Male) ×2 |
| 4:41 | Build | Lumber Camp |
| 5:02 | Create | Villager (Male) |
| 5:27 | Create | Villager (Male) |
| 5:28 | Create | Villager (Male) |
| 5:47 | Build | House |
| 5:58 | Create | Villager (Male) |
| 6:14 | Create | Villager (Male) |
| 6:51 | Create | Villager (Male) |
| 6:56 | Build | Mill |
| 7:28 | Create | Villager (Male) |
| 7:29 | Create | Villager (Male) |
| 7:53 | Build | Mining Camp |
| 7:55 | Create | Villager (Male) |
| 7:55 | Create | Villager (Male) |
| 7:55 | Create | Villager (Male) |
| 7:56 | Create | Villager (Male) |
| 8:31 | Build | House |
| 8:56 | Create | Villager (Male) |
| 9:59 | Build | Mining Camp |
| 10:03 | Research | Feudal Age |
| 10:37 | Build | House |
| 11:23 | Build | Barracks |
| 12:19 | Age | Feudal Age |
| 12:20 | Research | Wheelbarrow |
| 12:20 | Research | Wheelbarrow |
| 12:23 | Research | Double-Bit Axe |
| 12:25 | Research | Horse Collar |
| 12:49 | Build | Lumber Camp |
| 13:15 | Create | Villager (Male) |
| 13:18 | Create | Villager (Male) |
| 14:08 | Build | Blacksmith |
| 14:17 | Create | Villager (Male) |
| 14:36 | Build | Farm |
| 14:44 | Create | Villager (Male) |
| 14:49 | Build | Farm |
| 14:53 | Create | Villager (Male) |
| 15:08 | Build | Farm |
| 15:31 | Create | Villager (Male) |
| 15:38 | Build | Farm |
| 15:44 | Build | Farm |
| 15:52 | Build | House |
| 15:59 | Build | Farm |
| 16:03 | Build | Farm |
| 16:05 | Create | Villager (Male) |
| 16:13 | Create | Villager (Male) |
| 16:17 | Create | Villager (Male) |
| 16:37 | Build | Farm |
| 17:02 | Build | Farm |
| 17:05 | Create | Villager (Male) |
| 17:24 | Build | House |
| 17:26 | Build | House |
| 17:29 | Build | Farm |
| 17:34 | Create | Villager (Male) |
| 17:39 | Build | Market |
| 17:50 | Build | Farm |
| 17:52 | Create | Villager (Male) |
| 18:13 | Build | Farm |
| 18:20 | Create | Villager (Male) |
| 18:43 | Build | Farm |
| 19:00 | Research | Castle Age |
| 19:12 | Research | Scale Mail Armor |
| 19:23 | Research | Arson |
| 21:02 | Research | Forging |
| 21:11 | Research | Fletching |
| 21:11 | Research | Padded Archer Armor |
| 21:40 | Age | Castle Age |
| 21:41 | Research | Hand Cart |
| 21:52 | Build | Castle |
| 22:20 | Create | Villager (Male) |
| 22:33 | Research | Bodkin Arrow |
| 22:40 | Build | Barracks |
| 22:48 | Build | Barracks |
| 22:53 | Build | Barracks |
| 22:57 | Build | Barracks |
| 23:04 | Create | Villager (Male) |
| 23:06 | Build | Farm |
| 23:08 | Create | Villager (Male) |
| 23:21 | Research | Squires |
| 23:32 | Build | Farm |
| 23:35 | Create | Villager (Male) |
| 24:01 | Build | Farm |
| 24:02 | Research | Heavy Plow |
| 24:12 | Build | Town Center |
| 24:17 | Create | Villager (Male) |
| 24:17 | Create | Villager (Male) |
| 24:35 | Build | Farm |
| 24:43 | Research | Eagle Warrior (upgrade) |
| 24:49 | Build | Farm |
| 24:51 | Create | Villager (Male) |
| 24:59 | Create | Eagle Scout |
| 25:15 | Research | Gold Mining |
| 25:21 | Build | Farm |
| 25:26 | Create | Villager (Male) |
| 25:40 | Build | Farm |
| 25:45 | Build | Farm |
| 25:52 | Create | Eagle Scout ×5 |
| 25:52 | Create | Eagle Scout ×5 |
| 25:52 | Create | Eagle Scout ×5 |
| 25:52 | Create | Eagle Scout |
| 25:56 | Create | Villager (Male) |
| 26:03 | Build | Farm |
| 26:06 | Create | Villager (Male) |
| 26:17 | Create | Villager (Male) |
| 26:28 | Create | Eagle Scout ×2 |
| 26:44 | Build | Castle |
| 26:48 | Create | Villager (Male) |
| 26:48 | Create | Villager (Male) |
| 26:49 | Create | Villager (Male) |
| 26:49 | Create | Villager (Male) |
| 27:12 | Research | Iron Casting |
| 27:34 | Create | Villager (Male) |
| 27:34 | Create | Villager (Male) |
| 27:35 | Create | Villager (Male) |
| 27:35 | Create | Villager (Male) |
| 27:35 | Create | Villager (Male) |
| 28:15 | Build | Farm |
| 28:16 | Build | Farm |
| 29:38 | Build | Farm |
| 29:41 | Build | Farm |
| 29:44 | Build | Farm |
| 29:50 | Build | Farm |
| 29:52 | Create | Villager (Male) |
| 29:54 | Create | Villager (Male) |
| 29:56 | Create | Villager (Male) |
| 29:56 | Create | Villager (Male) |
| 29:58 | Create | Villager (Male) |
| 30:36 | Build | Farm |
| 30:42 | Build | Farm |
| 30:47 | Create | Villager (Male) |
| 30:58 | Research | Imperial Age |
| 31:12 | Build | Farm |
| 31:18 | Create | Villager (Male) ×5 |
| 31:18 | Create | Villager (Male) ×5 |
| 31:18 | Create | Villager (Male) ×5 |
| 31:27 | Create | Eagle Scout ×3 |
| 31:28 | Create | Eagle Scout ×4 |
| 31:28 | Create | Eagle Scout |
Build order — Viglaf
First 150 of 215 actions detected
| 0:02 | Create | Villager (Male) ×4 |
| 0:05 | Build | House |
| 0:08 | Build | House |
| 1:35 | Create | Villager (Male) |
| 2:05 | Create | Villager (Male) |
| 2:12 | Build | Lumber Camp |
| 2:28 | Create | Villager (Male) |
| 2:57 | Create | Villager (Male) |
| 3:14 | Create | Villager (Male) |
| 3:20 | Build | House |
| 3:47 | Create | Villager (Male) |
| 4:03 | Create | Villager (Male) |
| 4:23 | Create | Villager (Male) |
| 4:37 | Create | Villager (Male) |
| 4:46 | Build | Mill |
| 5:04 | Create | Villager (Male) |
| 5:29 | Create | Villager (Male) |
| 5:53 | Create | Villager (Male) |
| 6:05 | Build | House |
| 6:28 | Create | Villager (Male) |
| 7:17 | Create | Villager (Male) |
| 7:33 | Create | Villager (Male) |
| 8:15 | Research | Feudal Age |
| 8:30 | Build | Mill |
| 9:38 | Build | House |
| 10:12 | Create | Villager (Male) |
| 10:25 | Age | Feudal Age |
| 10:38 | Build | Farm |
| 10:39 | Build | Farm |
| 10:42 | Build | Farm |
| 10:46 | Create | Villager (Male) |
| 10:53 | Build | House |
| 11:10 | Build | Farm |
| 11:13 | Build | Farm |
| 11:16 | Build | Mining Camp |
| 11:18 | Create | Villager (Male) |
| 11:18 | Create | Villager (Male) |
| 11:22 | Research | Double-Bit Axe |
| 11:25 | Research | Horse Collar |
| 11:30 | Build | Farm |
| 11:38 | Build | Farm |
| 12:05 | Build | Farm |
| 12:07 | Create | Villager (Male) |
| 12:16 | Build | Farm |
| 12:21 | Build | Farm |
| 12:25 | Create | Villager (Male) |
| 12:34 | Build | Farm |
| 12:59 | Create | Villager (Male) |
| 13:23 | Create | Villager (Male) |
| 13:49 | Create | Villager (Male) |
| 14:03 | Build | House |
| 14:15 | Create | Villager (Male) |
| 14:39 | Create | Villager (Male) |
| 14:58 | Research | Loom |
| 15:06 | Build | Blacksmith |
| 15:15 | Build | Market |
| 15:18 | Create | Villager (Male) |
| 15:57 | Research | Castle Age |
| 16:02 | Research | Fletching |
| 16:22 | Build | Barracks |
| 16:33 | Create | Villager (Male) |
| 16:47 | Build | Farm |
| 16:51 | Build | Farm |
| 16:54 | Build | Farm |
| 17:27 | Build | Stable |
| 18:03 | Build | House |
| 18:16 | Build | Mining Camp |
| 18:31 | Research | Scale Barding Armor |
| 18:37 | Age | Castle Age |
| 18:41 | Create | Villager (Male) |
| 18:52 | Build | Monastery |
| 19:00 | Build | Monastery |
| 19:21 | Build | House |
| 19:24 | Create | Battle Elephant |
| 19:29 | Create | Villager (Male) |
| 19:29 | Create | Villager (Male) |
| 19:41 | Research | Bow Saw |
| 19:46 | Research | Heavy Plow |
| 19:49 | Research | Chain Barding Armor |
| 19:53 | Create | Monk |
| 19:58 | Create | Monk |
| 20:01 | Create | Spearman |
| 20:06 | Build | House |
| 20:08 | Build | House |
| 20:09 | Build | House |
| 20:11 | Build | House |
| 20:13 | Create | Villager (Male) |
| 20:23 | Build | Town Center |
| 20:36 | Create | Villager (Male) |
| 20:39 | Research | Forging |
| 20:42 | Create | Spearman |
| 20:47 | Research | Pikeman (upgrade) |
| 21:10 | Create | Villager (Male) |
| 21:11 | Create | Villager (Male) |
| 21:34 | Create | Battle Elephant |
| 21:37 | Create | Villager (Male) |
| 22:06 | Create | Villager (Male) |
| 22:22 | Create | Battle Elephant |
| 22:30 | Create | Villager (Male) |
| 22:34 | Create | Villager (Male) ×4 |
| 22:39 | Build | House |
| 22:49 | Create | Battle Elephant |
| 23:04 | Create | Battle Elephant |
| 23:14 | Build | House |
| 23:15 | Build | House |
| 23:16 | Build | House |
| 23:17 | Build | House |
| 23:22 | Build | Farm |
| 23:23 | Build | Farm |
| 23:25 | Build | Farm |
| 23:28 | Build | Farm |
| 23:29 | Build | Farm |
| 23:42 | Build | Farm |
| 23:42 | Build | Farm |
| 23:42 | Build | Farm |
| 23:43 | Build | Farm |
| 23:43 | Build | Farm |
| 23:43 | Build | Farm |
| 23:48 | Create | Villager (Male) ×3 |
| 24:46 | Research | Wheelbarrow |
| 24:52 | Build | Farm |
| 24:54 | Create | Battle Elephant |
| 24:55 | Create | Battle Elephant |
| 24:59 | Create | Villager (Male) |
| 25:12 | Build | Town Center |
| 25:19 | Create | Villager (Male) ×3 |
| 25:24 | Build | House |
| 25:25 | Build | House |
| 25:26 | Build | House |
| 25:26 | Build | House |
| 25:27 | Build | House |
| 25:27 | Build | House |
| 25:28 | Build | House |
| 25:28 | Build | House |
| 25:28 | Build | House |
| 25:35 | Create | Battle Elephant |
| 25:54 | Create | Villager (Male) ×4 |
| 26:27 | Research | Gold Mining |
| 26:30 | Research | Stone Mining |
| 26:38 | Create | Battle Elephant |
| 26:42 | Create | Villager (Male) |
| 26:49 | Build | Mill |
| 26:50 | Build | Farm |
| 26:50 | Build | Farm |
| 26:50 | Build | Farm |
| 26:52 | Build | Farm |
| 27:09 | Research | Hand Cart |
| 27:14 | Create | Villager (Male) |
| 27:37 | Create | Villager (Male) ×4 |
| 28:02 | Create | Villager (Male) ×5 |
Build order — FRKNCY
First 150 of 332 actions detected
| 0:02 | Create | Villager (Male) |
| 0:03 | Create | Villager (Male) |
| 0:04 | Build | House |
| 0:05 | Build | House |
| 0:06 | Create | Villager (Male) |
| 0:06 | Create | Villager (Male) |
| 1:32 | Create | Villager (Male) |
| 1:50 | Build | Lumber Camp |
| 2:04 | Create | Villager (Male) |
| 2:25 | Create | Villager (Male) |
| 2:52 | Create | Villager (Male) |
| 3:08 | Create | Villager (Male) |
| 3:30 | Create | Villager (Male) |
| 3:30 | Create | Villager (Male) |
| 3:51 | Build | House |
| 3:56 | Create | Villager (Male) |
| 4:30 | Create | Villager (Male) |
| 4:54 | Create | Villager (Male) |
| 5:01 | Build | Mill |
| 5:20 | Create | Villager (Male) |
| 5:39 | Create | Villager (Male) |
| 6:03 | Build | House |
| 6:11 | Create | Villager (Male) |
| 6:11 | Create | Villager (Male) |
| 6:14 | Create | Villager (Male) |
| 6:15 | Build | House |
| 6:23 | Create | Villager (Male) |
| 6:50 | Create | Villager (Male) |
| 6:56 | Build | Mining Camp |
| 6:57 | Create | Villager (Male) |
| 7:16 | Create | Villager (Male) |
| 7:42 | Build | Mill |
| 7:55 | Create | Villager (Male) |
| 8:19 | Create | Villager (Male) |
| 8:33 | Create | Villager (Male) |
| 9:17 | Build | Mining Camp |
| 9:35 | Research | Feudal Age |
| 10:52 | Build | Farm |
| 10:54 | Build | Farm |
| 10:57 | Build | Farm |
| 11:19 | Build | Farm |
| 11:39 | Build | House |
| 11:40 | Build | House |
| 12:13 | Age | Feudal Age |
| 12:17 | Build | Market |
| 12:20 | Build | Blacksmith |
| 12:24 | Create | Villager (Male) |
| 12:24 | Create | Villager (Male) |
| 12:29 | Build | House |
| 13:07 | Research | Castle Age |
| 13:07 | Research | Castle Age |
| 13:39 | Research | Town Watch |
| 13:43 | Research | Double-Bit Axe |
| 14:52 | Research | Horse Collar |
| 15:20 | Research | Loom |
| 15:54 | Age | Castle Age |
| 15:55 | Research | Bow Saw |
| 15:59 | Research | Heavy Plow |
| 16:05 | Build | Town Center |
| 16:23 | Build | Town Center |
| 16:37 | Build | Castle |
| 16:53 | Create | Villager (Male) |
| 17:02 | Build | Farm |
| 17:06 | Build | Farm |
| 17:08 | Create | Villager (Male) |
| 17:32 | Build | Farm |
| 17:36 | Create | Villager (Male) |
| 17:42 | Create | Villager (Male) |
| 17:42 | Create | Villager (Male) |
| 17:43 | Create | Villager (Male) |
| 17:55 | Build | Farm |
| 18:10 | Build | Farm |
| 18:12 | Build | Farm |
| 18:15 | Create | Villager (Male) |
| 18:17 | Create | Villager (Male) |
| 18:28 | Create | Genoese Crossbowman |
| 18:35 | Create | Villager (Male) |
| 18:36 | Create | Villager (Male) |
| 18:38 | Build | Farm |
| 18:44 | Create | Genoese Crossbowman |
| 19:01 | Create | Villager (Male) |
| 19:01 | Create | Villager (Male) |
| 19:15 | Build | Farm |
| 19:18 | Create | Villager (Male) |
| 19:18 | Create | Villager (Male) |
| 19:33 | Build | Monastery |
| 19:36 | Build | Farm |
| 19:37 | Create | Villager (Male) |
| 19:37 | Create | Villager (Male) |
| 19:39 | Build | Farm |
| 19:41 | Build | Farm |
| 19:58 | Create | Genoese Crossbowman |
| 19:59 | Create | Genoese Crossbowman |
| 20:00 | Create | Genoese Crossbowman |
| 20:09 | Create | Villager (Male) |
| 20:10 | Create | Villager (Male) |
| 20:14 | Create | Genoese Crossbowman |
| 20:33 | Build | Siege Workshop |
| 20:41 | Create | Villager (Male) |
| 20:41 | Create | Villager (Male) |
| 20:41 | Create | Villager (Male) |
| 20:42 | Create | Villager (Male) |
| 20:46 | Create | Genoese Crossbowman |
| 20:55 | Create | Genoese Crossbowman |
| 20:59 | Build | Farm |
| 21:00 | Create | Villager (Male) |
| 21:00 | Create | Villager (Male) |
| 21:15 | Create | Villager (Male) |
| 21:18 | Build | Farm |
| 21:23 | Build | Farm |
| 21:26 | Create | Villager (Male) |
| 21:27 | Create | Villager (Male) |
| 21:42 | Create | Genoese Crossbowman |
| 21:47 | Build | Farm |
| 21:48 | Research | Fletching |
| 22:00 | Create | Mangonel |
| 22:00 | Create | Mangonel |
| 22:02 | Build | Farm |
| 22:11 | Build | Farm |
| 22:14 | Build | Farm |
| 22:17 | Create | Villager (Male) |
| 22:18 | Create | Villager (Male) |
| 22:18 | Create | Villager (Male) |
| 22:18 | Create | Villager (Male) |
| 22:28 | Build | Farm |
| 22:30 | Create | Monk |
| 22:44 | Create | Villager (Male) |
| 22:44 | Create | Villager (Male) |
| 22:57 | Build | Farm |
| 22:58 | Create | Villager (Male) |
| 22:58 | Create | Villager (Male) |
| 23:04 | Create | Villager (Male) |
| 23:23 | Build | Farm |
| 23:43 | Build | Farm |
| 23:45 | Create | Villager (Male) |
| 23:45 | Create | Villager (Male) |
| 23:46 | Create | Villager (Male) |
| 23:50 | Build | Town Center |
| 23:55 | Build | Farm |
| 23:57 | Build | Farm |
| 24:05 | Research | Wheelbarrow |
| 24:09 | Build | House |
| 24:09 | Build | House |
| 24:10 | Build | House |
| 24:20 | Create | Genoese Crossbowman |
| 24:26 | Create | Villager (Male) |
| 24:26 | Create | Villager (Male) |
| 24:45 | Research | Town Watch |
| 24:52 | Build | House |
| 24:52 | Build | House |
Build order — dageorge115
First 150 of 326 actions detected
| 0:01 | Create | Villager (Male) |
| 0:01 | Create | Villager (Male) |
| 0:01 | Create | Villager (Male) |
| 0:01 | Create | Villager (Male) |
| 0:01 | Create | Villager (Male) |
| 0:03 | Build | House |
| 0:05 | Build | House |
| 1:25 | Create | Villager (Male) |
| 2:01 | Create | Villager (Male) |
| 2:05 | Build | Lumber Camp |
| 2:25 | Create | Villager (Male) |
| 2:47 | Create | Villager (Male) |
| 3:05 | Create | Villager (Male) |
| 3:30 | Build | House |
| 3:31 | Build | House |
| 3:37 | Create | Villager (Male) |
| 4:05 | Create | Villager (Male) |
| 4:22 | Build | Mill |
| 4:30 | Create | Villager (Male) |
| 4:31 | Create | Villager (Male) |
| 4:58 | Create | Villager (Male) |
| 4:58 | Create | Villager (Male) |
| 5:47 | Create | Villager (Male) |
| 5:48 | Create | Villager (Male) |
| 5:48 | Create | Villager (Male) |
| 5:51 | Create | Villager (Male) |
| 6:30 | Build | Mill |
| 6:36 | Create | Villager (Male) |
| 7:10 | Create | Villager (Male) |
| 7:59 | Create | Villager (Male) |
| 8:17 | Build | Mining Camp |
| 8:35 | Research | Feudal Age |
| 10:27 | Create | Villager (Male) |
| 10:27 | Create | Villager (Male) |
| 10:56 | Age | Feudal Age |
| 11:03 | Build | Market |
| 11:07 | Build | Blacksmith |
| 11:29 | Build | Farm |
| 11:48 | Build | Farm |
| 12:24 | Research | Castle Age |
| 12:36 | Build | Farm |
| 12:40 | Build | Farm |
| 12:44 | Build | Farm |
| 12:48 | Build | Farm |
| 12:52 | Build | Farm |
| 13:17 | Build | Farm |
| 13:20 | Research | Double-Bit Axe |
| 15:04 | Age | Castle Age |
| 15:04 | Create | Villager (Male) |
| 15:05 | Create | Villager (Male) |
| 15:09 | Build | Monastery |
| 15:23 | Build | Town Center |
| 15:30 | Create | Villager (Male) |
| 15:35 | Research | Loom |
| 15:42 | Create | Monk |
| 16:14 | Create | Monk |
| 16:16 | Create | Villager (Male) |
| 16:25 | Build | Town Center |
| 16:30 | Create | Villager (Male) |
| 16:50 | Create | Villager (Male) |
| 16:50 | Create | Villager (Male) |
| 16:51 | Create | Villager (Male) |
| 16:51 | Create | Villager (Male) |
| 16:51 | Create | Villager (Male) |
| 16:55 | Research | Wheelbarrow |
| 16:56 | Research | Town Watch |
| 17:09 | Build | Farm |
| 17:12 | Build | Farm |
| 17:13 | Build | Farm |
| 17:45 | Build | Farm |
| 17:49 | Create | Villager (Male) |
| 17:49 | Create | Villager (Male) |
| 17:50 | Create | Villager (Male) |
| 17:50 | Create | Villager (Male) |
| 17:50 | Create | Villager (Male) |
| 17:50 | Create | Villager (Male) |
| 18:34 | Build | Farm |
| 18:39 | Research | Horse Collar |
| 18:46 | Build | House |
| 18:47 | Build | House |
| 18:48 | Build | House |
| 19:11 | Create | Villager (Male) |
| 19:11 | Create | Villager (Male) |
| 19:12 | Create | Villager (Male) |
| 19:12 | Create | Villager (Male) |
| 19:12 | Create | Villager (Male) |
| 19:12 | Create | Villager (Male) |
| 19:19 | Build | Farm |
| 19:24 | Build | Farm |
| 19:27 | Build | Farm |
| 19:32 | Build | Lumber Camp |
| 19:44 | Create | Villager (Male) |
| 19:44 | Create | Villager (Male) |
| 19:45 | Create | Villager (Male) |
| 19:45 | Create | Villager (Male) |
| 19:45 | Create | Villager (Male) |
| 20:19 | Build | House |
| 20:20 | Build | House |
| 20:21 | Build | House |
| 20:22 | Build | House |
| 20:23 | Build | House |
| 20:24 | Build | House |
| 20:30 | Build | Farm |
| 20:31 | Create | Villager (Male) |
| 20:31 | Create | Villager (Male) |
| 20:32 | Create | Villager (Male) |
| 20:32 | Create | Villager (Male) |
| 20:32 | Create | Villager (Male) |
| 20:32 | Create | Villager (Male) |
| 20:46 | Build | Barracks |
| 21:03 | Build | Farm |
| 21:15 | Create | Villager (Male) |
| 21:15 | Create | Villager (Male) |
| 21:15 | Create | Villager (Male) |
| 21:26 | Research | Gold Mining |
| 21:26 | Research | Stone Mining |
| 21:41 | Build | Castle |
| 21:43 | Build | Mining Camp |
| 22:24 | Create | Villager (Male) |
| 22:24 | Create | Villager (Male) |
| 22:25 | Create | Villager (Male) |
| 22:25 | Create | Villager (Male) |
| 22:26 | Create | Villager (Male) |
| 22:26 | Create | Villager (Male) |
| 22:52 | Build | House |
| 23:00 | Build | House |
| 23:13 | Build | Stable |
| 23:13 | Build | Stable |
| 23:14 | Build | Stable |
| 23:15 | Build | Stable |
| 23:16 | Build | Stable |
| 23:17 | Build | Stable |
| 23:20 | Create | Villager (Male) |
| 23:20 | Create | Villager (Male) |
| 23:20 | Create | Villager (Male) |
| 23:20 | Create | Villager (Male) |
| 23:21 | Create | Villager (Male) |
| 23:27 | Create | Villager (Male) |
| 23:39 | Build | Farm |
| 23:40 | Build | Farm |
| 23:40 | Build | Farm |
| 24:04 | Create | Spearman |
| 24:53 | Research | Imperial Age |
| 25:04 | Build | Farm |
| 25:04 | Build | Farm |
| 25:04 | Build | Farm |
| 25:04 | Build | Farm |
| 25:18 | Build | Mill |
| 25:20 | Build | Farm |
| 25:20 | Build | Farm |
Build order — THEPADDYDOC
First 150 of 440 actions detected
| 0:01 | Create | Villager (Male) |
| 0:02 | Create | Villager (Male) |
| 0:02 | Create | Villager (Male) |
| 0:02 | Create | Villager (Male) |
| 0:03 | Create | Villager (Male) |
| 0:07 | Build | House |
| 0:12 | Build | House |
| 1:33 | Create | Villager (Male) |
| 2:08 | Build | Lumber Camp |
| 2:12 | Create | Villager (Male) |
| 2:38 | Create | Villager (Male) |
| 2:55 | Create | Villager (Male) |
| 3:19 | Create | Villager (Male) |
| 3:33 | Build | House |
| 3:44 | Create | Villager (Male) |
| 4:17 | Create | Villager (Male) |
| 5:13 | Create | Villager (Male) |
| 5:21 | Create | Villager (Male) |
| 5:31 | Create | Villager (Male) |
| 5:31 | Create | Villager (Male) |
| 5:31 | Create | Villager (Male) |
| 5:41 | Build | House |
| 5:51 | Create | Villager (Male) |
| 5:51 | Create | Villager (Male) |
| 6:42 | Create | Villager (Male) |
| 6:43 | Create | Villager (Male) |
| 6:43 | Create | Villager (Male) |
| 6:59 | Create | Villager (Male) |
| 6:59 | Create | Villager (Male) |
| 7:47 | Build | Mill |
| 8:10 | Build | House |
| 8:26 | Build | Mill |
| 8:36 | Create | Villager (Male) |
| 9:07 | Build | Mining Camp |
| 9:28 | Create | Villager (Male) |
| 9:35 | Research | Feudal Age |
| 9:42 | Create | Villager (Male) |
| 9:51 | Build | House |
| 10:26 | Create | Villager (Male) |
| 11:33 | Build | Barracks |
| 12:12 | Research | Double-Bit Axe |
| 12:16 | Research | Horse Collar |
| 12:20 | Create | Villager (Male) |
| 12:32 | Build | Archery Range |
| 12:35 | Create | Villager (Male) |
| 13:07 | Create | Villager (Male) |
| 13:12 | Build | House |
| 13:25 | Build | Blacksmith |
| 13:29 | Create | Archer |
| 13:29 | Create | Archer |
| 13:29 | Create | Archer |
| 13:29 | Create | Archer |
| 13:30 | Create | Archer |
| 13:30 | Create | Archer |
| 13:30 | Create | Archer |
| 13:42 | Create | Villager (Male) |
| 13:54 | Build | Farm |
| 13:54 | Build | Farm |
| 13:54 | Build | Farm |
| 13:54 | Build | Farm |
| 13:54 | Build | Farm |
| 13:54 | Build | Farm |
| 13:54 | Build | Farm |
| 13:54 | Build | Farm |
| 14:08 | Research | Fletching |
| 14:08 | Build | Farm |
| 14:08 | Build | Farm |
| 14:08 | Build | Farm |
| 14:08 | Build | Farm |
| 14:08 | Build | Farm |
| 14:08 | Build | Farm |
| 14:12 | Create | Villager (Male) |
| 14:29 | Build | Farm |
| 14:29 | Build | Farm |
| 14:29 | Build | Farm |
| 14:29 | Build | Farm |
| 14:29 | Build | Farm |
| 14:29 | Build | Farm |
| 14:30 | Build | Farm |
| 14:30 | Build | Farm |
| 14:30 | Build | Farm |
| 14:30 | Build | Farm |
| 14:30 | Build | Farm |
| 14:30 | Build | Farm |
| 14:39 | Build | Farm |
| 14:39 | Build | Farm |
| 14:39 | Build | Farm |
| 14:39 | Build | Farm |
| 14:39 | Build | Farm |
| 14:39 | Build | Farm |
| 14:58 | Create | Villager (Male) |
| 14:58 | Build | Farm |
| 14:58 | Build | Farm |
| 14:58 | Build | Farm |
| 14:58 | Build | Farm |
| 14:58 | Build | Farm |
| 14:58 | Build | Farm |
| 14:58 | Build | Farm |
| 14:59 | Build | Farm |
| 14:59 | Build | Farm |
| 14:59 | Build | Farm |
| 14:59 | Build | Farm |
| 14:59 | Build | Farm |
| 14:59 | Build | Farm |
| 15:21 | Create | Villager (Male) |
| 15:23 | Build | Farm |
| 15:23 | Build | Farm |
| 15:23 | Build | Farm |
| 15:23 | Build | Farm |
| 15:23 | Build | Farm |
| 15:23 | Build | Farm |
| 15:24 | Build | Farm |
| 15:24 | Build | Farm |
| 15:24 | Build | Farm |
| 15:24 | Build | Farm |
| 15:24 | Build | Farm |
| 15:24 | Build | Farm |
| 15:24 | Build | Farm |
| 15:35 | Create | Villager (Male) |
| 15:42 | Build | House |
| 15:47 | Create | Villager (Male) |
| 15:48 | Build | Farm |
| 15:48 | Build | Farm |
| 15:48 | Build | Farm |
| 15:49 | Build | Farm |
| 15:49 | Build | Farm |
| 15:49 | Build | Farm |
| 15:49 | Build | Farm |
| 15:49 | Build | Farm |
| 15:49 | Build | Farm |
| 15:49 | Build | Farm |
| 15:49 | Build | Farm |
| 16:04 | Build | Farm |
| 16:04 | Build | Farm |
| 16:04 | Build | Farm |
| 16:04 | Build | Farm |
| 16:20 | Build | Farm |
| 16:20 | Build | Farm |
| 16:20 | Build | Farm |
| 16:20 | Build | Farm |
| 16:20 | Build | Farm |
| 16:20 | Build | Farm |
| 16:20 | Build | Farm |
| 16:20 | Build | Farm |
| 16:20 | Build | Farm |
| 16:20 | Build | Farm |
| 16:41 | Create | Villager (Male) |
| 16:45 | Build | Farm |
| 16:45 | Build | Farm |
| 16:45 | Build | Farm |
Build order — CuscuzComCharque
First 150 of 157 actions detected
| 0:09 | Build | House |
| 0:11 | Build | House |
| 0:15 | Create | Villager (Male) |
| 0:15 | Create | Villager (Male) |
| 0:16 | Create | Villager (Male) |
| 1:11 | Create | Villager (Male) |
| 1:46 | Create | Villager (Male) |
| 2:26 | Create | Villager (Male) |
| 3:24 | Create | Villager (Male) |
| 3:25 | Create | Villager (Male) |
| 3:50 | Create | Villager (Male) |
| 4:23 | Create | Villager (Male) |
| 5:04 | Create | Villager (Male) |
| 5:04 | Create | Villager (Male) |
| 5:41 | Build | House |
| 5:43 | Build | House |
| 5:45 | Build | House |
| 6:02 | Build | Lumber Camp |
| 7:11 | Build | Mining Camp |
| 8:21 | Research | Feudal Age |
| 9:59 | Build | Barracks |
| 10:31 | Age | Feudal Age |
| 10:35 | Build | Mill |
| 10:44 | Create | Villager (Male) |
| 10:45 | Create | Villager (Male) |
| 10:45 | Create | Villager (Male) |
| 10:45 | Create | Villager (Male) |
| 10:47 | Create | Villager (Male) |
| 10:47 | Create | Villager (Male) |
| 11:37 | Build | House |
| 11:38 | Build | House |
| 11:39 | Build | House |
| 11:50 | Create | Villager (Male) |
| 11:51 | Create | Villager (Male) |
| 12:28 | Build | Market |
| 12:35 | Research | Wheelbarrow |
| 13:50 | Research | Gold Mining |
| 14:32 | Create | Militia |
| 14:32 | Create | Militia |
| 14:33 | Create | Militia |
| 14:34 | Create | Militia |
| 14:35 | Create | Militia |
| 15:24 | Create | Villager (Male) |
| 15:24 | Create | Villager (Male) |
| 15:25 | Create | Villager (Male) |
| 15:25 | Create | Villager (Male) |
| 15:42 | Build | Farm |
| 15:43 | Build | Farm |
| 15:45 | Build | Farm |
| 16:50 | Research | Man-at-Arms (upgrade) |
| 18:00 | Create | Trade Cart |
| 18:01 | Create | Trade Cart |
| 18:09 | Create | Militia |
| 18:09 | Create | Militia |
| 18:25 | Build | Farm |
| 18:28 | Build | Farm |
| 18:36 | Create | Villager (Male) |
| 18:36 | Create | Villager (Male) |
| 18:36 | Create | Villager (Male) |
| 18:36 | Create | Villager (Male) |
| 18:37 | Create | Villager (Male) |
| 19:10 | Build | Stable |
| 19:18 | Research | Double-Bit Axe |
| 20:39 | Create | Militia |
| 20:39 | Create | Militia |
| 20:39 | Create | Militia |
| 20:40 | Create | Militia |
| 20:55 | Build | Farm |
| 20:57 | Build | Farm |
| 20:58 | Build | Farm |
| 21:00 | Build | Farm |
| 21:04 | Build | Farm |
| 21:07 | Build | Farm |
| 22:17 | Create | Trade Cart |
| 22:18 | Create | Trade Cart |
| 22:38 | Build | Blacksmith |
| 23:01 | Create | Villager (Male) |
| 23:15 | Build | House |
| 23:16 | Build | House |
| 23:18 | Build | House |
| 23:20 | Build | House |
| 23:31 | Build | Farm |
| 23:33 | Research | Scale Barding Armor |
| 24:25 | Build | Farm |
| 24:52 | Research | Castle Age |
| 25:02 | Create | Militia |
| 25:03 | Create | Militia |
| 25:22 | Build | House |
| 25:23 | Build | House |
| 25:25 | Build | House |
| 25:46 | Create | Trade Cart |
| 25:48 | Create | Trade Cart |
| 25:50 | Create | Trade Cart |
| 26:14 | Build | Farm |
| 26:50 | Build | Stable |
| 27:06 | Create | Villager (Male) |
| 27:07 | Create | Villager (Male) |
| 27:07 | Create | Villager (Male) |
| 27:08 | Create | Villager (Male) |
| 27:08 | Create | Villager (Male) |
| 27:14 | Create | Villager (Male) |
| 27:21 | Create | Militia |
| 27:22 | Create | Militia |
| 27:22 | Create | Militia |
| 27:32 | Age | Castle Age |
| 27:37 | Research | Scale Mail Armor |
| 27:44 | Research | Long Swordsman (upgrade) |
| 27:47 | Research | Gambesons |
| 28:08 | Build | Mining Camp |
| 28:19 | Research | Scale Barding Armor |
| 28:33 | Build | Stable |
| 29:01 | Research | Stone Mining |
| 29:03 | Create | Villager (Male) |
| 29:04 | Create | Villager (Male) |
| 29:50 | Build | Siege Workshop |
| 30:14 | Build | Lumber Camp |
| 30:32 | Build | Farm |
| 30:35 | Create | Villager (Male) |
| 30:37 | Create | Villager (Male) |
| 30:50 | Create | Knight |
| 30:51 | Create | Knight |
| 30:51 | Create | Knight |
| 30:51 | Create | Knight |
| 31:06 | Create | Battering Ram |
| 31:12 | Create | Battering Ram |
| 31:37 | Build | Farm |
| 31:56 | Create | Villager (Male) |
| 32:35 | Create | Battering Ram |
| 32:43 | Create | Knight |
| 32:43 | Create | Knight |
| 32:43 | Create | Knight |
| 32:45 | Create | Knight |
| 32:45 | Create | Knight |
| 32:46 | Research | Husbandry |
| 32:52 | Create | Militia |
| 32:52 | Create | Militia |
| 33:00 | Research | Hand Cart |
| 33:03 | Create | Trade Cart |
| 33:55 | Build | Castle |
| 34:04 | Create | Knight |
| 34:04 | Create | Knight |
| 34:04 | Create | Knight |
| 34:05 | Create | Knight |
| 34:06 | Create | Knight |
| 34:06 | Create | Knight |
| 34:06 | Create | Knight |
| 35:26 | Build | Farm |
| 35:34 | Create | Knight |
| 35:34 | Create | Knight |
| 35:34 | Create | Knight |
Match timeline
| 7:47 | Biggus Dichus · first_building Barracks |
| 9:59 | CuscuzComCharque · first_building Barracks |
| 10:25 | Viglaf · age_up feudal |
| 10:31 | CuscuzComCharque · age_up feudal |
| 10:51 | m.tornqvist1 · first_building Barracks |
| 10:56 | dageorge115 · age_up feudal |
| 11:08 | m.tornqvist1 · age_up feudal |
| 11:23 | Tetrodotoxin · first_building Barracks |
| 11:33 | THEPADDYDOC · first_building Barracks |
| 11:52 | Biggus Dichus · age_up feudal |
| 11:56 | m.tornqvist1 · first_building Archery Range |
| 12:00 | Biggus Dichus · first_building Archery Range |
| 12:13 | FRKNCY · age_up feudal |
| 12:19 | Tetrodotoxin · age_up feudal |
| 12:32 | THEPADDYDOC · first_building Archery Range |
| 15:04 | dageorge115 · age_up castle |
| 15:09 | dageorge115 · first_building Monastery |
| 15:54 | FRKNCY · age_up castle |
| 15:57 | Biggus Dichus · age_up castle |
| 15:59 | FRKNCY · first_market_buy 100 food |
| 16:22 | Viglaf · first_building Barracks |
| 16:37 | FRKNCY · first_building Castle |
| 17:27 | Viglaf · first_building Stable |
| 18:37 | m.tornqvist1 · age_up castle |
| 18:37 | Viglaf · age_up castle |
| 18:50 | Tetrodotoxin · first_market_buy 100 food |
| 18:52 | Viglaf · first_building Monastery |
| 19:10 | CuscuzComCharque · first_building Stable |
| 19:33 | FRKNCY · first_building Monastery |
| 20:04 | Biggus Dichus · first_building Monastery |
| 20:33 | FRKNCY · first_building Siege Workshop |
| 20:46 | dageorge115 · first_building Barracks |
| 21:40 | Tetrodotoxin · age_up castle |
| 21:41 | dageorge115 · first_building Castle |
| 21:52 | FRKNCY · first_market_sell 100 wood |
| 21:52 | Tetrodotoxin · first_building Castle |
| 22:31 | Biggus Dichus · first_building Siege Workshop |
| 22:54 | THEPADDYDOC · first_building Siege Workshop |
| 23:13 | dageorge115 · first_building Stable |
| 23:35 | Biggus Dichus · wall_segment Stone Wall x6 |
| 23:38 | Biggus Dichus · wall_segment Stone Wall x6 |
| 24:20 | Biggus Dichus · wall_segment Stone Wall x7 |
| 24:48 | dageorge115 · first_market_sell 100 wood |
| 24:51 | dageorge115 · first_market_buy 100 food |
| 25:30 | THEPADDYDOC · first_market_buy 100 stone |
| 26:10 | THEPADDYDOC · first_building Castle |
| 26:57 | Biggus Dichus · first_building Castle |
| 27:14 | THEPADDYDOC · first_building Stable |
| 27:32 | CuscuzComCharque · age_up castle |
| 28:03 | dageorge115 · age_up imperial |
| 28:15 | m.tornqvist1 · first_building Castle |
| 29:23 | Biggus Dichus · age_up imperial |
| 29:27 | FRKNCY · first_building Barracks |
| 29:41 | FRKNCY · age_up imperial |
| 29:50 | CuscuzComCharque · first_building Siege Workshop |
| 30:26 | CuscuzComCharque · first_market_buy 100 wood |
| 30:30 | FRKNCY · first_building Stable |
| 30:51 | Tetrodotoxin · first_market_sell 100 wood |
| 32:15 | Tetrodotoxin · first_building Archery Range |
| 32:22 | Tetrodotoxin · first_building Siege Workshop |
| 32:37 | THEPADDYDOC · first_market_sell 500 food |
| 33:08 | FRKNCY · first_building Archery Range |
| 33:15 | Biggus Dichus · first_market_sell 100 wood |
| 33:20 | m.tornqvist1 · age_up imperial |
| 33:55 | CuscuzComCharque · first_building Castle |
| 34:10 | Tetrodotoxin · age_up imperial |
| 34:18 | Viglaf · first_building Castle |
| 35:45 | Viglaf · age_up imperial |
| 36:22 | dageorge115 · resign |
| 38:03 | m.tornqvist1 · first_market_sell 500 wood |
[ AI ANALYSIS · 1 CREDIT ]
What really happened in this match?
Wolo.gg analyzes every decision: build order, eco, micro, common mistakes by bracket. Personalized analysis on WhatsApp or Discord in 30 seconds.
Civ guide
Romans
Map guide
Arena
Perfil
Biggus Dichus